 Dungeon Crawl Stone Soup version 0.20.0-14-g326068f (webtiles) character file.

12863 mike2R the Covert (level 11, -3/55 HPs)
             Began as a Spriggan Enchanter on June 8, 2017.
             Was a High Priest of Nemelex Xobeh.
             Killed from afar by a manticore (12 damage)
             ... with a volley of spikes
             ... on level 3 of the Lair of Beasts.
             The game lasted 01:42:28 (15398 turns).

mike2R the Covert (Spriggan Enchanter)             Turns: 15398, Time: 01:42:29

Health: -3/55      AC: 10    Str:  4    XL:     11   Next: 68%
Magic:  9/19       EV: 24    Int: 19    God:    Nemelex Xobeh [*****.]
Gold:   668        SH:  0    Dex: 18    Spells: 0/20 levels left

rFire    + . .     SeeInvis +   a - +9 short sword (venom)
rCold    . . .     Gourm    .   (shield restricted)
rNeg     . . .     Faith    +   M - +3 steam dragon scales
rPois    .         Spirit   .   m - +2 hat
rElec    .         Reflect  .   (no cloak)
rCorr    .         Harm     .   (gloves unavailable)
MR       +....                  (boots unavailable)
Stlth    +++++.....             f - amulet of faith
Regen    0.2/turn               j - ring of protection from fire
MPRegen  0.2/turn               N - +2 ring of evasion

@: barbed spikes, very slightly contaminated, very quick
A: unfitting armour, see invisible, herbivore 3, speed 3, slow metabolism 2
a: Triple Draw, Deal Four, Stack Five, Renounce Religion


You were on level 3 of the Lair of Beasts.
You worshipped Nemelex Xobeh.
Nemelex Xobeh was extremely pleased with you.
You were not hungry.

You visited 2 branches of the dungeon, and saw 12 of its levels.
You also visited: Labyrinth.

You collected 668 gold pieces.

Inventory:

Hand Weapons
 a - a +9 short sword of venom (weapon)
Missiles
 e - 310 stones (quivered)
Armour
 m - a +2 hat (worn)
 M - +3 steam dragon scales (worn)
Magical Staves
 o - an uncursed staff of wizardry
Jewellery
 f - an amulet of faith (around neck)
 j - a ring of protection from fire (left hand)
 p - an uncursed amulet of guardian spirit
 N - a +2 ring of evasion (right hand)
Wands
 k - a wand of paralysis (1/24)
 t - a wand of scattershot (6/9)
 u - a wand of polymorph (9/24)
 w - a wand of enslavement (18/24)
 x - a wand of iceblast (13/15)
 W - a wand of lightning (12/15)
Scrolls
 h - 7 scrolls of teleportation
 n - 8 scrolls of remove curse
 q - 4 scrolls of fog
 s - 2 scrolls of blinking
 E - a scroll of torment {unknown}
 F - a scroll of magic mapping
 G - a scroll of amnesia {unknown}
 H - 3 scrolls of immolation
 Q - a scroll of brand weapon {unknown}
 X - a scroll of fear {unknown}
Potions
 g - a potion of heal wounds
 i - a potion of curing
 l - 2 potions of agility
 r - 2 potions of brilliance
 z - a potion of resistance {unknown}
 A - a potion of flight {unknown}
 L - a potion of might
 S - a potion of berserk rage
 T - a potion of haste
Books
 v - Sif Muna's Volume of Enhancements and the Blaze
   (You found it on level 1 of the Lair of Beasts)

   Spells                             Type                      Level
   a - Song of Slaying                Charms                       2
   b - Ozocubu's Armour               Charms/Ice                   3
   c - Conjure Flame                  Conjuration/Fire             3
   d - Inner Flame                    Hexes/Fire                   3
   e - Sticky Flame                   Conjuration/Fire             4
   f - Fireball                       Conjuration/Fire             5
Miscellaneous
 b - a plain deck of escape {drawn: 1}
 c - a legendary deck of summoning
 y - a legendary deck of destruction {drawn: 2}
 B - a legendary deck of summoning {drawn: 1}
 C - a plain deck of summoning {drawn: 4}
 D - a plain deck of summoning
 J - a plain deck of destruction {drawn: 2}
 R - a plain deck of summoning {drawn: 2}
 Y - a plain deck of summoning {drawn: 2}
 Z - a plain deck of destruction
Comestibles
 d - 6 bread rations
 I - 19 royal jellies


   Skills:
 - Level 5.0 Fighting
 - Level 10.5 Short Blades
 + Level 6.4 Dodging
 - Level 11.7 Stealth
 - Level 5.0 Spellcasting
 - Level 11.0 Hexes
 - Level 5.0 Ice Magic
 - Level 7.2 Evocations


You couldn't memorise any spells.
You knew the following spells:

 Your Spells              Type           Power        Failure   Level  Hunger
a - Corona                Hex            #####..      1%          1    None
b - Ensorcelled Hibernat  Hex/Ice        #####.       1%          2    #......
c - Confuse               Hex            #####...     1%          3    ##.....
d - Tukima's Dance        Hex            #####...     1%          3    ##.....
e - Dazzling Spray        Conj/Hex       ####..       3%          3    ##.....
f - Metabolic Englaciati  Hex/Ice        #####.....   12%         5    ######.
g - Ozocubu's Armour      Chrm/Ice       ##......     13%         3    ##.....


Dungeon Overview and Level Annotations

Branches:
Dungeon (9/15)             Temple (0/1) D:6            Lair (3/6) D:9
 Shoals (0/4) Lair:3
  Snake: Lair:2-4    Spider: Lair:2-4       Orc: D:9-12

Altars:
Dithmenos
Elyvilon
Gozag
Hepliaklqana
Makhleb
Nemelex Xobeh
Uskayaw
Vehumet
Zin

Shops:
D:5 *

Annotations:
D:4 2 runed doors


Innate Abilities, Weirdness & Mutations

You are very small and have problems with some larger weapons.
You are too small for most types of armour.
You have supernaturally acute eyesight. (SInv)
You are a herbivore.
You cover ground extremely quickly.
You need consume almost no food.


Message History

Okay, then.
Blink to where?
Press: ? - help, Dir - move target cursor, p - red devil You are very lightly contaminated with residual magic.
As you read the scroll of blinking, it crumbles to dust.
Evoke which item? (* to show all) (? for menu, Esc to quit)
You draw a card...
It is Wild Magic.
Freezing gases pour from the manticore's front paws!
You feel a surge of magic.
You feel your power returning.
Evoke which item? (* to show all) (? for menu, Esc to quit)
You draw a card...
It is Vitriol.
You have drawn Vitriol.
Press: ? - help, Shift-Dir - straight line, f - red devil
Aim: a red devil, wielding a demon trident (lightly wounded, fast, summoned)
The bolt of acid misses the red devil.
The red devil closely misses you.
The manticore flicks its tail.
The volley of spikes hits you!
The barbed spikes become lodged in your body.
You die...
Your body disappears without a glow.

#........## #........##
##.........## .
####...........####
.......###.P.P.........##..##
...............................
...............................
...............................
#.............@................
..........H....................
#...........4..................
#......>.......................
#..............................
######.###..###.###..###.######
#. #### ### #### ### ##


You could see a manticore and a red devil.

Vanquished Creatures
  A minotaur (Lab)
  A hydra (Lair:1)
  Pikel (D:6)
  An ugly thing (D:9)
  A cyclops (D:9)
  The ghost of Hasart the Conjurer, a novice DrCj of Sif Muna (D:4)
  Joseph (D:7)
  4 spiny frogs
  A rime drake (D:9)
  A komodo dragon (Lair:1)
  Grinder (D:6)
  4 hippogriffs
  12 yaks
  A basilisk (Lair:1)
  A wyvern (D:8)
  A steam dragon (D:9)
  5 water moccasins
  2 porcupines (Lair:1)
  3 orc warriors
  2 sky beasts
  2 ice beasts
  An ogre (D:9)
  3 centaurs (D:5)
  7 crocodiles
  2 big kobolds
  6 bullfrogs
  2 water moccasin zombies
  2 scorpions
  A water moccasin skeleton (D:4)
  15 killer bees
  A wight (D:4)
  2 howler monkeys
  A crimson imp (D:9)
  5 hounds
  2 jellies
  4 orc priests
  A centaur skeleton (D:7)
  3 iguanas
  9 orc wizards
  7 worker ants
  A hound zombie (D:9)
  A howler monkey skeleton (D:9)
  11 gnolls
  5 worker ant zombies
  8 adders
  3 shadow imps
  An ooze (D:9)
  5 worms
  2 dart slugs (D:1)
  7 leopard geckos
  23 orcs
  4 bats
  5 giant cockroaches
  10 goblins
  8 hobgoblins
  15 jackals
  6 frilled lizards
  A jackal zombie (D:7)
  16 kobolds
  12 rats
265 creatures vanquished.

Vanquished Creatures (collateral kills)
  A queen bee (D:8)
  A centaur (D:9)
  21 killer bees
  A leopard gecko (D:8)
  2 orcs
  A hobgoblin (D:2)
27 creatures vanquished.

Vanquished Creatures (others)
  2 dancing weapons (D:7)
  2 slaves (D:6)
  A centaur (D:6)
  A bullfrog (D:6)
  A centaur zombie (D:6)
  A crimson imp (D:6)
  A worker ant (D:6)
  An adder (D:6)
  A ball lightning (D:9)
  An orc (D:6)
  A giant cockroach (D:6)
  2 fire vortices (D:9)
  2 fungi (D:9)
17 creatures vanquished.

Grand Total: 309 creatures vanquished

Notes
Turn   | Place    | Note
-------+----------+-------------------------------------------
     0 | D:1      | mike2R the Spriggan Enchanter began the quest for the Orb.
     0 | D:1      | Reached XP level 1. HP: 9/9 MP: 5/5
   315 | D:1      | Reached skill level 5 in Stealth
   315 | D:1      | Reached XP level 2. HP: 13/13 MP: 6/6
   319 | D:1      | Learned a level 2 spell: Ensorcelled Hibernation
  1472 | D:1      | Reached XP level 3. HP: 16/16 MP: 5/8
  1477 | D:1      | Learned a level 3 spell: Confuse
  2452 | D:2      | Found a hazy altar of Hepliaklqana.
  2769 | D:2      | Learned a level 3 spell: Tukima's Dance
  2937 | D:2      | Reached XP level 4. HP: 21/21 MP: 7/11
  3810 | D:3      | Reached skill level 5 in Spellcasting
  3815 | D:3      | Learned a level 3 spell: Dazzling Spray
  4028 | D:3      | Found a white marble altar of Elyvilon.
  4196 | D:3      | Reached XP level 5. HP: 24/24 MP: 13/13
  4197 | D:3      | Found a sparkling altar of Nemelex Xobeh.
  4208 | D:3      | Became a worshipper of Nemelex Xobeh the Trickster
  4412 | D:3      | Found a burning altar of Makhleb.
  4412 | D:3      | Noticed a green death
  4522 | D:4      | Received a gift from Nemelex Xobeh
  4687 | D:4      | Noticed Hasart's ghost (novice DrCj)
  5478 | D:4      | Killed Hasart's ghost
  5478 | D:4      | Reached XP level 6. HP: 19/28 MP: 12/14
  5623 | D:4      | Found a shadowy altar of Dithmenos.
  5633 | D:4      | Reached XP level 7. HP: 32/32 MP: 15/15
  5800 | D:4      | Found a large runed door.
  5800 | D:4      | Found a large runed door.
  6025 | D:4      | Found a large runed door.
  6025 | D:4      | Found a large runed door.
  6646 | D:5      | Entered Level 5 of the Dungeon
  6680 | D:5      | Received a gift from Nemelex Xobeh
  6907 | D:5      | Reached XP level 8. HP: 36/36 MP: 16/16
  6920 | D:5      | Reached * piety under Nemelex Xobeh
  6968 | D:5      | Got a faintly humming robe
  6979 | D:5      | Identified the +0 robe "Zeanenus" {rF++ MP+9 Int-4 Dex+4} (You found it on level 5 of the Dungeon)
  7209 | D:5      | Found a hide-covered altar of Uskayaw.
  7243 | D:5      | Identified the Papyrus of Transmigration and Clay
  7523 | D:5      | Received a gift from Nemelex Xobeh
  7653 | D:5      | Found an opulent altar of Gozag.
  7657 | D:5      | Found Gozag's Platinum Reserve.
  7722 | D:6      | Noticed Pikel
  7739 | D:6      | Killed Pikel
  7876 | D:6      | Reached skill level 1 in Evocations
  7932 | D:6      | Reached XP level 9. HP: 39/39 MP: 10/17
  8092 | D:6      | Noticed Grinder
  8403 | D:6      | Killed Grinder
  8547 | D:6      | Found a staircase to the Ecumenical Temple.
  8598 | D:7      | Reached skill level 5 in Evocations
  8641 | D:7      | Reached ** piety under Nemelex Xobeh
  8641 | D:7      | Received a gift from Nemelex Xobeh
  8645 | D:7      | Noticed Joseph
  8672 | D:7      | Killed Joseph
  8943 | D:7      | Reached skill level 1 in Fighting
 10393 | D:8      | Received a gift from Nemelex Xobeh
 10412 | D:8      | Noticed a queen bee
 10464 | D:8      | Killed a queen bee
 10464 | D:8      | Reached skill level 5 in Fighting
 10770 | D:8      | Reached XP level 10. HP: 51/51 MP: 18/18
 10967 | D:8      | Found a radiant altar of Vehumet.
 11089 | D:8      | Reached skill level 5 in Hexes
 11249 | D:9      | Reached *** piety under Nemelex Xobeh
 11947 | D:9      | Reached skill level 10 in Hexes
 11990 | D:9      | Noticed a brown ugly thing
 12002 | D:9      | Killed a brown ugly thing
 12101 | D:9      | Noticed a cyclops
 12112 | D:9      | Found a glowing silver altar of Zin.
 12124 | D:9      | Found a staircase to the Lair.
 12582 | D:9      | Received a gift from Nemelex Xobeh
 12852 | D:9      | Killed a cyclops
 12852 | D:9      | Reached XP level 11. HP: 55/55 MP: 16/19
 12940 | Lair:1   | Entered Level 1 of the Lair of Beasts
 12969 | Lair:1   | Found a labyrinth entrance.
 12997 | Lair:1   | Reached skill level 10 in Short Blades
 13085 | Lab      | Entered a labyrinth
 13293 | Lab      | Noticed a minotaur
 13307 | Lab      | Killed a minotaur
 13402 | Lair:1   | Learned a level 5 spell: Metabolic Englaciation
 13422 | Lair:1   | Reached skill level 1 in Ice Magic
 13455 | Lair:1   | Reached **** piety under Nemelex Xobeh
 13530 | Lair:1   | Noticed an eight-headed hydra
 13537 | Lair:1   | Killed an eight-headed hydra
 13543 | Lair:1   | Received a gift from Nemelex Xobeh
 13699 | Lair:1   | Identified Sif Muna's Volume of Enhancements and the Blaze
 13705 | Lair:1   | Learned a level 3 spell: Ozocubu's Armour
 13989 | Lair:1   | Reached skill level 5 in Ice Magic
 14336 | Lair:2   | Received a gift from Nemelex Xobeh
 14425 | Lair:2   | Reached skill level 5 in Dodging
 14476 | Lair:2   | Received a gift from Nemelex Xobeh
 14597 | Lair:2   | Reached ***** piety under Nemelex Xobeh
 14763 | Lair:2   | Received a gift from Nemelex Xobeh
 15354 | Lair:3   | Found a staircase to the Shoals.
 15393 | Lair:3   | HP: 2/55 [manticore/volley of spikes (23)]
 15398 | Lair:3   | Killed from afar by a manticore

Skill      XL: |  1  2  3  4  5  6  7  8  9 10 11 |
---------------+----------------------------------+-----
Stealth        | 5 11 | 11.7
Short Blades   | 2 6 9 10 | 10.5
Spellcasting   | 4 5 |  5.0
Evocations     | 2 7 |  7.2
Fighting       | 5 |  5.0
Hexes          | 4 11 | 11.0
Ice Magic      | 5 |  5.0
Dodging        | 6 |  6.4

Action                   |  1- 3 |  4- 6 |  7- 9 | 10-12 || total
-------------------------+-------+-------+-------+-------++-------
Melee: Dagger            |   137 |    27 |       |       ||   164
       Short sword       |       |    37 |   190 |   158 ||   385
 Cast: Corona            |    24 |     3 |     7 |     1 ||    35
       Ensorcelled Hiber |    27 |    26 |    77 |    43 ||   173
       Confuse           |     7 |    16 |    34 |    33 ||    90
       Tukima's Dance    |     1 |       |     7 |       ||     8
       Dazzling Spray    |       |       |     6 |    11 ||    17
       Ozocubu's Armour  |       |       |       |     1 ||     1
       Metabolic Englaci |       |       |       |     1 ||     1
Evoke: Deck              |       |       |     2 |    12 ||    14
       Wand              |       |       |       |     6 ||     6
  Use: Scroll            |       |     4 |     7 |    18 ||    29
       Potion            |       |     4 |     4 |     3 ||    11
 Stab: Sleeping          |    23 |    16 |    59 |    41 ||   139
       Confused          |     4 |     9 |     8 |    19 ||    40
       Invisible         |       |       |     1 |     7 ||     8
       Distracted        |       |       |       |     2 ||     2
  Eat: Fruit             |     2 |     2 |     4 |     3 ||    11
       Royal jelly       |       |     1 |     1 |     3 ||     5
       Bread ration      |       |       |     1 |       ||     1
Armor: Robe              |    11 |     2 |    11 |     5 ||    29
       Steam dragon scal |       |       |       |     3 ||     3
Dodge: Dodged            |   107 |    19 |   120 |    84 ||   330
